TOP OF THE 1ST |
Los Angeles (WIN) Dodgers batting - Pitching for San Francisco (WIN) Giants : RHP Sam Drews
|
Pitching: RHP Sam Drews
|
|
Batting: RHB Marcos Villalobos
|
0-0: Called Strike 0-1: Ball 1-1: Ball 2-1: SINGLE (Flyball, 89S, EV 95.0 MPH)
|
Batting: SHB Nate Kopchak
|
0-0: Ball Marcos Villalobos steals 2nd base 1-0: Ground out U3 (Groundball, 3, EV 86.2 MPH) Marcos Villalobos to third
|
Batting: RHB John Piccolo
|
0-0: Ball 1-0: Fly out, F9 (Flyball, 89XD, EV 96.9 MPH) Runner from 3rd tags up, SCORES, no throw by RF
|
Batting: LHB Tore Bosch
|
0-0: Ball 1-0: Foul Ball, location: 2F 1-1: Ball 2-1: Swinging Strike 2-2: Ball 3-2: Strikes out looking
|
Top of the 1st over - 1 run, 1 hit, 0 errors, 0 left on base; Los Angeles (WIN) 1 - San Francisco (WIN) 0 |
BOTTOM OF THE 1ST |
San Francisco (WIN) Giants batting - Pitching for Los Angeles (WIN) Dodgers : RHP Mike Zimmerly
|
Pitching: RHP Mike Zimmerly
|
|
Batting: RHB Coen Dirks
|
0-0: Ball 1-0: Ball 2-0: Ball 3-0: Called Strike 3-1: Ground out 4-3 (Groundball, 4, EV 98.1 MPH)
|
Batting: RHB Ryan Roberts
|
0-0: Called Strike 0-1: Swinging Strike 0-2: Ball 1-2: Ground out 5-3 (Groundball, 56S, EV 88.8 MPH)
|
Batting: RHB Troy Trice
|
0-0: Called Strike 0-1: SINGLE (Line Drive, 7LS, EV 99.4 MPH)
|
Batting: LHB Mike Roberts
|
0-0: Called Strike 0-1: Ball 1-1: Ball 2-1: Foul Ball, location: 2F 2-2: Strikes out looking
|
Bottom of the 1st over - 0 runs, 1 hit, 0 errors, 1 left on base; Los Angeles (WIN) 1 - San Francisco (WIN) 0 |
TOP OF THE 2ND |
Los Angeles (WIN) Dodgers batting - Pitching for San Francisco (WIN) Giants : RHP Sam Drews
|
Batting: SHB Xavier Alaniz
|
0-0: Ball 1-0: Ball 2-0: Ball 3-0: Called Strike 3-1: Base on Balls
|
Batting: RHB Nick Getz
|
0-0: Swinging Strike 0-1: Foul Ball, location: 2F 0-2: Ball 1-2: Fly out, F8 (Flyball, 8RD, EV 100.0 MPH)
|
Batting: RHB Tony Rivera
|
0-0: Ball 1-0: Called Strike 1-1: Ball 2-1: Ball 3-1: Called Strike 3-2: Grounds into double play, 5-4-3 (Groundball, 56, EV 79.4 MPH)
|
Top of the 2nd over - 0 runs, 0 hits, 0 errors, 0 left on base; Los Angeles (WIN) 1 - San Francisco (WIN) 0 |
BOTTOM OF THE 2ND |
San Francisco (WIN) Giants batting - Pitching for Los Angeles (WIN) Dodgers : RHP Mike Zimmerly
|
Batting: LHB Steve Nevis
|
0-0: Ball 1-0: Ball 2-0: Swinging Strike 2-1: Swinging Strike 2-2: Strikes out swinging
|
Batting: RHB Zach Maguire
|
0-0: Ball 1-0: Ball 2-0: Called Strike 2-1: Swinging Strike 2-2: Foul Ball, location: 2F 2-2: Ball 3-2: Base on Balls
|
Batting: RHB Josh Truell
|
0-0: Called Strike 0-1: Ball 1-1: Called Strike 1-2: Strikes out looking
|
Batting: RHB Teruhide Horiuchi
|
0-0: 2-RUN HOME RUN (Flyball, 9D, EV 93.8 MPH), Distance : 369 ft
|
Batting: RHB Ed Broomhead
|
0-0: Ball 1-0: Called Strike 1-1: Ball 2-1: Foul Ball, location: 2F 2-2: Strikes out swinging
|
Bottom of the 2nd over - 2 runs, 1 hit, 0 errors, 0 left on base; Los Angeles (WIN) 1 - San Francisco (WIN) 2 |
TOP OF THE 3RD |
Los Angeles (WIN) Dodgers batting - Pitching for San Francisco (WIN) Giants : RHP Sam Drews
|
Batting: RHB Javier Solis
|
0-0: Swinging Strike 0-1: Ball 1-1: Called Strike 1-2: Ball 2-2: Ground out 6-3 (Groundball, 6, EV 106.2 MPH)
|
Batting: RHB Adam Maczko
|
0-0: Called Strike 0-1: Hit by Pitch
|
Batting: RHB Marcos Villalobos
|
0-0: Called Strike 0-1: Foul Ball, location: 2F 0-2: Ball 1-2: Ball 2-2: SINGLE (Groundball, 3D, EV 98.8 MPH) Adam Maczko to second Runner from 2nd tries for 3rd, SAFE, throw by RF made to third Marcos Villalobos to second
|
Batting: SHB Nate Kopchak
|
0-0: Ground out 6-3 (Groundball, 6, EV 85.0 MPH) Adam Maczko scores Marcos Villalobos to third
|
Batting: RHB John Piccolo
|
0-0: Called Strike 0-1: Ball 1-1: Called Strike 1-2: Ground out 6-3 (Groundball, 6, EV 93.8 MPH)
|
Top of the 3rd over - 1 run, 1 hit, 0 errors, 1 left on base; Los Angeles (WIN) 2 - San Francisco (WIN) 2 |
BOTTOM OF THE 3RD |
San Francisco (WIN) Giants batting - Pitching for Los Angeles (WIN) Dodgers : RHP Mike Zimmerly
|
Batting: RHB Coen Dirks
|
0-0: Ball 1-0: DOUBLE (Flyball, 7D, EV 100.0 MPH)
|
Batting: RHB Ryan Roberts
|
0-0: Ball Wild Pitch! Coen Dirks to third 1-0: Ball 2-0: Ball 3-0: Called Strike 3-1: Foul Ball, location: 2F 3-2: Foul Ball, location: 2F 3-2: Strikes out swinging
|
Batting: RHB Troy Trice
|
0-0: Called Strike 0-1: Foul Ball, location: 2F 0-2: Ball 1-2: Ball 2-2: Fly out, F7 (Line Drive, 78M, EV 95.0 MPH) Runner from 3rd tags up, SCORES, throw by LF
|
Batting: LHB Mike Roberts
|
0-0: Called Strike 0-1: Ball 1-1: Ball 2-1: Ball 3-1: Base on Balls
|
Batting: LHB Steve Nevis
|
0-0: Called Strike 0-1: Ball 1-1: Fly out, F9 (Flyball, 89D, EV 87.5 MPH)
|
Bottom of the 3rd over - 1 run, 1 hit, 0 errors, 1 left on base; Los Angeles (WIN) 2 - San Francisco (WIN) 3 |
TOP OF THE 4TH |
Los Angeles (WIN) Dodgers batting - Pitching for San Francisco (WIN) Giants : RHP Sam Drews
|
Batting: LHB Tore Bosch
|
0-0: Foul Ball, location: 2F 0-1: Reached on error, E8 (Flyball, 8LD, EV 95.6 MPH)
|
Batting: SHB Xavier Alaniz
|
0-0: Called Strike 0-1: Ball 1-1: Fly out, F7 (Flyball, 7, EV 93.1 MPH)
|
Batting: RHB Nick Getz
|
0-0: Ball 1-0: Ball 2-0: Ball 3-0: Called Strike 3-1: Called Strike 3-2: Foul Ball, location: 2F 3-2: Ground out 5-3 (Groundball, 56, EV 78.8 MPH)
|
Batting: RHB Tony Rivera
|
0-0: Ball 1-0: Ball 2-0: Ball 3-0: Ground out 6-3 (Groundball, 6, EV 87.5 MPH)
|
Top of the 4th over - 0 runs, 0 hits, 1 error, 1 left on base; Los Angeles (WIN) 2 - San Francisco (WIN) 3 |
BOTTOM OF THE 4TH |
San Francisco (WIN) Giants batting - Pitching for Los Angeles (WIN) Dodgers : RHP Mike Zimmerly
|
Batting: RHB Zach Maguire
|
0-0: Ball 1-0: DOUBLE (Line Drive, 78D, EV 105.6 MPH)
|
Batting: RHB Josh Truell
|
0-0: Called Strike 0-1: Ball 1-1: Fly out, F8 (Line Drive, 8LM, EV 86.9 MPH)
|
Batting: RHB Teruhide Horiuchi
|
0-0: Ball 1-0: Ball 2-0: Ball 3-0: Foul Ball, location: 2F 3-1: Ground out 1-3 (Groundball, 34S, EV 66.9 MPH) Zach Maguire to third
|
Batting: RHB Ed Broomhead
|
0-0: Ball 1-0: Ball 2-0: SINGLE (Line Drive, 3D, EV 94.4 MPH) Zach Maguire scores
|
Batting: RHB Coen Dirks
|
0-0: Called Strike 0-1: Fly out, F3 (Popup, 3SF, EV 69.4 MPH)
|
Bottom of the 4th over - 1 run, 2 hits, 0 errors, 1 left on base; Los Angeles (WIN) 2 - San Francisco (WIN) 4 |
TOP OF THE 5TH |
Los Angeles (WIN) Dodgers batting - Pitching for San Francisco (WIN) Giants : RHP Sam Drews
|
Batting: RHB Javier Solis
|
0-0: Ball 1-0: Ball 2-0: Ball 3-0: Foul Ball, location: 2F 3-1: Called Strike 3-2: Ground out 6-3 (Groundball, 6M, EV 90.6 MPH)
|
Batting: RHB Adam Maczko
|
0-0: Ball 1-0: Called Strike 1-1: Ground out 6-3 (Groundball, 6, EV 92.5 MPH)
|
Batting: RHB Marcos Villalobos
|
0-0: Swinging Strike 0-1: Swinging Strike 0-2: Foul Ball, location: 2F 0-2: Strikes out swinging
|
Top of the 5th over - 0 runs, 0 hits, 0 errors, 0 left on base; Los Angeles (WIN) 2 - San Francisco (WIN) 4 |
BOTTOM OF THE 5TH |
San Francisco (WIN) Giants batting - Pitching for Los Angeles (WIN) Dodgers : RHP Mike Zimmerly
|
Batting: RHB Ryan Roberts
|
0-0: Called Strike 0-1: Called Strike 0-2: Ball 1-2: Foul Ball, location: 2F 1-2: Ball 2-2: Foul Ball, location: 2F 2-2: Foul Ball, location: 2F 2-2: Ball 3-2: Strikes out swinging
|
Batting: RHB Troy Trice
|
0-0: Foul Ball, location: 2F 0-1: Ball 1-1: DOUBLE (Line Drive, 7LS, EV 97.5 MPH)
|
Batting: LHB Mike Roberts
|
0-0: Called Strike 0-1: Ball 1-1: Ball 2-1: Swinging Strike 2-2: Strikes out looking
|
Batting: LHB Steve Nevis
|
0-0: Ground out 6-3 (Groundball, 6, EV 86.2 MPH)
|
Bottom of the 5th over - 0 runs, 1 hit, 0 errors, 1 left on base; Los Angeles (WIN) 2 - San Francisco (WIN) 4 |
TOP OF THE 6TH |
Los Angeles (WIN) Dodgers batting - Pitching for San Francisco (WIN) Giants : RHP Sam Drews
|
Batting: SHB Nate Kopchak
|
0-0: Ball 1-0: Foul Ball, location: 2F 1-1: DOUBLE (Line Drive, 7LS, EV 101.9 MPH)
|
Batting: RHB John Piccolo
|
0-0: Ball 1-0: Swinging Strike 1-1: Ball 2-1: Called Strike 2-2: Ball 3-2: Strikes out swinging
|
Batting: LHB Tore Bosch
|
0-0: Ball 1-0: Fly out, F8 (Flyball, 78D, EV 93.1 MPH) Runner from 2nd tags up, SAFE at 3rd with throw by CF
|
Batting: SHB Xavier Alaniz
|
0-0: Ground out 6-3 (Groundball, 6, EV 92.5 MPH)
|
Top of the 6th over - 0 runs, 1 hit, 0 errors, 1 left on base; Los Angeles (WIN) 2 - San Francisco (WIN) 4 |
BOTTOM OF THE 6TH |
San Francisco (WIN) Giants batting - Pitching for Los Angeles (WIN) Dodgers : RHP Mike Zimmerly
|
Batting: RHB Zach Maguire
|
0-0: Ball 1-0: Ball 2-0: DOUBLE (Line Drive, 89D, EV 100.0 MPH)
|
Batting: RHB Josh Truell
|
0-0: Called Strike 0-1: Ground out 4-3 (Groundball, 34, EV 89.4 MPH) Zach Maguire to third
|
Batting: RHB Teruhide Horiuchi
|
0-0: Called Strike 0-1: Ball 1-1: Foul Ball, location: 2F 1-2: Foul Ball, location: 2F 1-2: Ball 2-2: Strikes out swinging
|
Batting: RHB Ed Broomhead
|
0-0: Called Strike 0-1: Foul Ball, location: 2F 0-2: Ball 1-2: Ball 2-2: Foul Ball, location: 2F 2-2: Strikes out swinging
|
Bottom of the 6th over - 0 runs, 1 hit, 0 errors, 1 left on base; Los Angeles (WIN) 2 - San Francisco (WIN) 4 |
TOP OF THE 7TH |
Los Angeles (WIN) Dodgers batting - Pitching for San Francisco (WIN) Giants : RHP Sam Drews
|
Batting: RHB Nick Getz
|
0-0: Called Strike 0-1: Swinging Strike 0-2: Hit by Pitch
|
Batting: RHB Tony Rivera
|
0-0: Called Strike Nick Getz steals 2nd base (no throw) 0-1: Ground out 6-3 (Groundball, 6, EV 86.2 MPH) Nick Getz to third
|
Batting: RHB Javier Solis
|
0-0: Ball 1-0: Called Strike 1-1: Ground out 5-3 (Groundball, 56, EV 101.9 MPH) Nick Getz scores
|
Batting: RHB Adam Maczko
|
0-0: Called Strike 0-1: Swinging Strike 0-2: Ball 1-2: Strikes out swinging
|
Top of the 7th over - 1 run, 0 hits, 0 errors, 0 left on base; Los Angeles (WIN) 3 - San Francisco (WIN) 4 |
BOTTOM OF THE 7TH |
San Francisco (WIN) Giants batting - Pitching for Los Angeles (WIN) Dodgers : RHP Mike Zimmerly
|
Pitching: RHP Etsuji Kawasaki
|
|
Batting: RHB Coen Dirks
|
0-0: Ball 1-0: SINGLE (Groundball, 5D, EV 102.5 MPH)
|
Batting: RHB Ryan Roberts
|
0-0: Called Strike 0-1: Called Strike 0-2: Ball 1-2: DOUBLE (Groundball, 5L, EV 96.9 MPH) Coen Dirks to third Runner from 3rd tries for Home, SAFE, throw by LF to home
|
Batting: RHB Troy Trice
|
0-0: Foul Ball, location: 2F 0-1: Foul Ball, location: 2F 0-2: Ball 1-2: Fly out, F8 (Flyball, 8RXD, EV 84.4 MPH) Runner from 2nd tags up, SAFE at 3rd, no throw by CF
|
Batting: LHB Mike Roberts
|
0-0: Intentional Walk
|
Batting: LHB Steve Nevis
|
0-0: Swinging Strike 0-1: Grounds into double play, 4-6-3 (Groundball, 4, EV 101.9 MPH)
|
Bottom of the 7th over - 1 run, 2 hits, 0 errors, 1 left on base; Los Angeles (WIN) 3 - San Francisco (WIN) 5 |
TOP OF THE 8TH |
Los Angeles (WIN) Dodgers batting - Pitching for San Francisco (WIN) Giants : RHP Sam Drews
|
Pitching: RHP Danny MacKinnon
|
|
Batting: RHB Marcos Villalobos
|
0-0: Called Strike 0-1: Foul Ball, location: 2F 0-2: Strikes out looking
|
Batting: SHB Nate Kopchak
|
0-0: Ground out 5-3 (Groundball, 5S, EV 68.1 MPH)
|
Batting: RHB John Piccolo
|
0-0: Fly out, F7 (Line Drive, 7LM, EV 110.0 MPH)
|
Top of the 8th over - 0 runs, 0 hits, 0 errors, 0 left on base; Los Angeles (WIN) 3 - San Francisco (WIN) 5 |
BOTTOM OF THE 8TH |
San Francisco (WIN) Giants batting - Pitching for Los Angeles (WIN) Dodgers : RHP Etsuji Kawasaki
|
Batting: RHB Zach Maguire
|
0-0: Ball 1-0: Swinging Strike 1-1: DOUBLE (Line Drive, 89D, EV 105.6 MPH)
|
Batting: RHB Josh Truell
|
0-0: Ball 1-0: Fly out, F4 (Popup, 3S, EV 88.8 MPH)
|
Batting: RHB Teruhide Horiuchi
|
0-0: Intentional Walk
|
Batting: RHB Ed Broomhead
|
0-0: Called Strike Zach Maguire steals 3rd base 0-1: Swinging Strike 0-2: Foul Ball, location: 2F 0-2: Ball 1-2: Ball 2-2: Ball 3-2: Strikes out swinging
|
Batting: RHB Coen Dirks
|
0-0: Ball 1-0: Ball 2-0: SINGLE (Groundball, 56D, EV 100.0 MPH) Zach Maguire scores Teruhide Horiuchi to second Runner from 2nd tries for 3rd, SAFE, throw by LF made to third
|
Batting: RHB Ryan Roberts
|
0-0: Ball 1-0: Called Strike 1-1: Ball 2-1: Called Strike 2-2: Strikes out swinging
|
Bottom of the 8th over - 1 run, 2 hits, 0 errors, 2 left on base; Los Angeles (WIN) 3 - San Francisco (WIN) 6 |
TOP OF THE 9TH |
Los Angeles (WIN) Dodgers batting - Pitching for San Francisco (WIN) Giants : RHP Danny MacKinnon
|
Batting: LHB Tore Bosch
|
0-0: Called Strike 0-1: Ball 1-1: Ball 2-1: Called Strike 2-2: Ball 3-2: Base on Balls
|
Batting: SHB Xavier Alaniz
|
0-0: Foul Ball, location: 2F 0-1: Called Strike 0-2: Foul Ball, location: 2F 0-2: Ball 1-2: Ball 2-2: Strikes out looking
|
Batting: RHB Nick Getz
|
0-0: Ball 1-0: Foul Ball, location: 2F 1-1: Foul Ball, location: 2F 1-2: Ball 2-2: 2-RUN HOME RUN (Flyball, 7D, EV 96.2 MPH), Distance : 379 ft
|
Batting: RHB Tony Rivera
|
0-0: SINGLE (Groundball, 5S, EV 63.8 MPH) (infield hit)
|
Pinch Hitting: LHB Jesus Ramirez
|
0-0: Ball 1-0: Ball 2-0: Called Strike 2-1: Foul Ball, location: 2F 2-2: Strikes out swinging
|
Batting: RHB Adam Maczko
|
0-0: Swinging Strike 0-1: SINGLE (Line Drive, 3D, EV 95.6 MPH) Tony Rivera to second Runner from 2nd tries for 3rd, SAFE, throw by RF made to third
|
Batting: RHB Marcos Villalobos
|
0-0: Ground out U3 (Groundball, 3S, EV 90.6 MPH)
|
Top of the 9th over - 2 runs, 3 hits, 0 errors, 2 left on base; Los Angeles (WIN) 5 - San Francisco (WIN) 6 |
|